 Dungeon Crawl Stone Soup version 0.20.1-1-g8b1a95d (webtiles) character file.

117 ReignOfFire the Slasher (level 4, -6/34 HPs)
             Began as a Demonspawn Gladiator on Aug 1, 2017.
             Killed by divine providence
             ... invoked by an orc priest
              (10 damage)
             ... on level 3 of the Dungeon.
             The game lasted 00:03:02 (1847 turns).

ReignOfFire the Slasher (Demonspawn Gladiator)      Turns: 1847, Time: 00:03:03

Health: -6/34      AC:  4    Str: 14    XL:     4   Next: 71%
Magic:  0/4        EV: 13    Int:  9    God:
Gold:   115        SH:  0    Dex: 16    Spells: 3/3 levels left

rFire    . . .     SeeInvis .   a - +1 long sword
rCold    . . .     Gourm    .   (no shield)
rNeg     . . .     Faith    .   b - +0 leather armour
rPois    .         Spirit   +   c - +0 helmet
rElec    .         Reflect  .   (no cloak)
rCorr    .         Harm     .   (no gloves)
MR       .....                  (no boots)
Stlth    +.........             (no amulet)
Regen    0.2/turn               (no ring)
MPRegen  0.1/turn               (no ring)

@: no status effects
A: magic shield
a: no special abilities


You were on level 3 of the Dungeon.
You were not hungry.

You visited 1 branch of the dungeon, and saw 3 of its levels.

You collected 115 gold pieces.

Inventory:

Hand Weapons
 a - a +1 long sword (weapon)
Missiles
 d - 2 throwing nets (quivered)
Armour
 b - a +0 leather armour (worn)
 c - a +0 helmet (worn)
Scrolls
 g - a scroll of remove curse
Potions
 i - 3 potions of curing
 k - a potion of degeneration {unknown}
 m - 5 potions of heal wounds
 n - 2 potions of invisibility {unknown}
 p - 2 potions of mutation {unknown}
 q - a potion of might {unknown}
Comestibles
 f - 3 bread rations
 h - 2 chunks of flesh
 l - a royal jelly


   Skills:
 + Level 2.5 Fighting
 + Level 3.7 Long Blades
 + Level 2.0 Throwing
 + Level 1.0 Armour
 + Level 3.4 Dodging
 + Level 0.6 Stealth


You had 3 spell levels left.
You didn't know any spells.

Dungeon Overview and Level Annotations

Branches:
Dungeon (3/15)

Altars:
Dithmenos


Innate Abilities, Weirdness & Mutations

When hurt, damage is shared between your health and your magic reserves.


Message History

The orc wizard blinks!
The orc priest hits you.
You hear some strange, mumbled words.
You closely miss the orc priest.
The orc priest is moderately wounded.
The orc priest hits you but does no damage. x2
You hit the orc priest but do no damage.
The orc priest is moderately wounded.
The orc priest invokes the aid of Beogh against you.
Beogh smites you!
* * * LOW HITPOINT WARNING * * *
You hear an angry hiss.
You barely miss the orc priest.
The orc priest is moderately wounded.
The orc priest barely misses you.
Unknown command.
You hit the orc priest.
The orc priest is heavily wounded.
The orc priest invokes the aid of Beogh against you.
Beogh smites you!
You die...

........)...... ............#
#.#........# ... #..ยง.......# ..
.#####........# .# ..###..
#..............##
.###..#..###.#####.........#
..##.....##..#####.........#
................@o{........#
##.......[.##...##........)#
###..._...####..##########.......
##.........##...# ####....
................# ...
..##.....##.....# ..
.###..#..###..### .
.##..###..##..# .....# #......#


You could see an orc priest.

Vanquished Creatures
  A centaur skeleton (D:3)
  A gnoll (D:3)
  2 adders
  An ooze (D:1)
  A dart slug (D:1)
  2 leopard geckos
  2 orcs (D:3)
  5 bats
  3 giant cockroaches
  6 goblins
  6 hobgoblins
  A frilled lizard (D:1)
  8 kobolds (D:2)
  17 rats
56 creatures vanquished.

Vanquished Creatures (others)
  A plant (D:2)
1 creature vanquished.

Grand Total: 57 creatures vanquished

Notes
Turn   | Place    | Note
-------+----------+-------------------------------------------
     0 | D:1      | ReignOfFire the Demonspawn Gladiator began the quest for the Orb.
     0 | D:1      | Reached XP level 1. HP: 16/16 MP: 1/1
    20 | D:1      | Gained mutation: When hurt, damage is shared between your health and your magic reserves. [demonic ancestry]
    20 | D:1      | Reached XP level 2. HP: 12/22 MP: 2/2
   524 | D:1      | Reached XP level 3. HP: 18/27 MP: 3/3
  1744 | D:3      | Reached XP level 4. HP: 34/34 MP: 2/4
  1769 | D:3      | Found a shadowy altar of Dithmenos.
  1798 | D:3      | Reached skill level 1 in Armour
  1847 | D:3      | Killed from afar by an orc priest

Skill      XL: |  1  2  3  4 |
---------------+-------------+-----
Throwing       | 2 |  2.0
Long Blades    | 3 |  3.7
Dodging        | 3 |  3.4
Armour         | 1 |  1.0
Fighting       | |  2.5
Stealth        | |  0.6

Action                   |  1- 3 |  4- 6 || total
-------------------------+-------+-------++-------
Melee: Long sword        |   127 |    24 ||   151
Throw: Throwing net      |       |     1 ||     1
  Use: Scroll            |     5 |       ||     5
       Potion            |       |     1 ||     1
 Stab: Held in net/web   |       |     2 ||     2
  Eat: Chunk             |     3 |       ||     3
Armor: Leather armour    |    49 |     3 ||    52
Dodge: Dodged            |   122 |    13 ||   135
       Rpst.: Long sword |    29 |     3 ||    32
